 Dungeon Sprint DCSS version 0.29-a0-194-g6e3aafee17 (webtiles) character file.

Game seed: 6345551288956467518

9721 Zeldest the Force of Nature (level 11, -2/113 HPs)
             Began as a Demonspawn Monk on Feb 23, 2022.
             Was the Champion of Fedhas.
             Killed from afar by a quicksilver elemental (33 damage)
             ... with a bolt of dispelling energy
             ... in the Dungeon (Sprint V: "Ziggurat Sprint").
             The game lasted 00:05:39 (271 turns).

Zeldest the Force of Nature (Demonspawn Monk)        Turns: 271, Time: 00:05:40

Health: -2/113     AC: 21    Str: 27    XL:     11   Next: 26%
Magic:  17/23      EV:  0    Int: 12    God:    Fedhas [******]
Gold:   0          SH: 29    Dex: 16    Spells: 10/10 levels left

rFire   + . .      SeeInvis +   D - +14 obsidian axe {vorpal, Mesm Drain Fly SInv}
rCold   + . .      Faith    .   E - +18 shield of the Gong {rElec rN+ Will+ EV-5}
rNeg    + . .      Spirit   .   C - +5 gold dragon scales
rPois   +          Reflect  .   (helmet restricted)
rElec   +          Harm     .   (no cloak)
rCorr   .          Rampage  .   (no gloves)
Will    +....      NoTele   +   (no boots)
Stlth   ..........              I - amulet of Vitality {Regen+ HP+15}
HPRegen 1.08/turn               z - +6 ring of strength
MPRegen 0.18/turn               A - +6 ring of strength

@: flying, mesmerised, studying Slings
A: hooves 2, horns 1, spiny 2, weakness stinger 2
a: Renounce Religion, Wall of Briars, Grow Ballistomycete, Overgrow, Grow Oklob


You were in the Dungeon.
You worshipped Fedhas.
Fedhas was exalted by your worship.
You visited 1 branch

Inventory:

Hand Weapons
 a - a +0 hand axe
 D - the +14 obsidian axe (weapon) {vorpal, Mesm Drain Fly SInv}
   (You found it in the Dungeon)

   It inflicts extra damage upon your enemies.
   It occasionally summons demons to assist the wielder when it strikes in
   combat.
   Its wielder is mesmerised by any visible foes.
   It cannot be unequipped while any foes are visible.
   SInv:      It lets you see invisible.
   Fly:       It grants you flight.
   Drain:     It drains your maximum health when unequipped.
Armour
 b - a +0 robe
 C - +5 gold dragon scales (worn)
 E - the +18 shield of the Gong (worn) {rElec rN+ Will+ EV-5}
   (You found it in the Dungeon)

   It is deafeningly noisy when blocking attacks.
   EV:        It affects your evasion (-5).
   rElec:     It insulates you from electricity.
   rN:        It protects you from negative energy.
   Will:      It increases your willpower.
 L - the +5 pair of gloves of Zefe {Rampage Drain rF+++ Slay-4}
   (You found it in the Dungeon)

   Slay:      It affects your accuracy & damage with ranged weapons and melee
   (-4).
   rF:        It renders you almost immune to fire.
   Drain:     It drains your maximum health when unequipped.
   Rampage:   It bestows one free step when moving towards enemies.
Jewellery
 u - a ring of flight
 v - a +6 ring of dexterity
 w - a +6 ring of dexterity
 x - a +6 ring of intelligence
 y - a +6 ring of intelligence
 z - a +6 ring of strength (left hand)
 A - a +6 ring of strength (right hand)
 G - a +6 ring of dexterity
 H - the ring of Huyfuil {rN+ SInv}
   (You found it in the Dungeon)

   [ring of positive energy]

   rN:        It protects you from negative energy.
   SInv:      It lets you see invisible.
 I - the amulet of Vitality (around neck) {Regen+ HP+15}
   (You found it in the Dungeon)

   [amulet of regeneration]

   HP:        It affects your health (+15).
   Regen:     It increases your rate of health regeneration.
 J - the amulet "Luazal" {Reflect rC+ Int+3 Dex+3 SH+5}
   (You found it in the Dungeon)

   [amulet of reflection]

   It reflects blocked missile attacks.
   Int:       It affects your intelligence (+3).
   Dex:       It affects your dexterity (+3).
   rC:        It protects you from cold.
   SH:        It affects your SH (+5).
Wands
 r - a wand of mindburst (7)
 s - a wand of iceblast (6)
 t - a wand of acid (7)
Scrolls
 h - 4 scrolls of blinking
 n - 4 scrolls of amnesia
 o - 7 scrolls of fog
 p - 5 scrolls of identify
 q - 2 scrolls of fear
 F - 2 scrolls of brand weapon
Potions
 c - 7 potions of curing
 d - 4 potions of heal wounds
 e - 9 potions of haste
 f - 7 potions of magic
 g - 3 potions of berserk rage
 i - 2 potions of brilliance
 j - 2 potions of invisibility
 k - 4 potions of resistance
 m - 6 potions of might
Miscellaneous
 l - a condenser vane
 B - a lightning rod (4/4)
 K - a box of beasts


   Skills:
 + Level 13.0 Fighting
 + Level 12.1 Axes
 + Level 8.7 Armour
 - Level 2.6 Dodging
 - Level 1.7 Stealth
 + Level 8.7 Shields
 + Level 16.1 Invocations
 + Level 12.2 Evocations


You had 10 spell levels left.
You didn't know any spells.
Your spell library contained the following spells:

 Spells                   Type           Power      Damage    Failure   Level
 Blink                    Tloc           0%         N/A       100%        2
 Corpse Rot               Necr/Air       0%         N/A       100%        2
 Poisonous Vapours        Pois/Air       0%         N/A       100%        2
 Frozen Ramparts          Ice            0%         1d2       100%        3
 Lesser Beckoning         Tloc           0%         N/A       100%        3
 Ice Form                 Ice/Tmut       0%         N/A       100%        4
 Summon Ice Beast         Ice/Summ       0%         N/A       100%        4
 Manifold Assault         Tloc           0%         N/A       100%        5


Dungeon Overview and Level Annotations

Branches:
Dungeon (1/1)

Altars:
Ashenzari
Cheibriados
Dithmenos
Elyvilon
Fedhas
Gozag
Hepliaklqana
Kikubaaqudgha
Makhleb
Nemelex Xobeh
Okawaru
Qazlal
Ru
Sif Muna
Trog
Uskayaw
Vehumet
Wu Jian
Xom
Yredelemnul
Zin
The Shining One
Beogh
Jiyva
Lugonu


Innate Abilities, Weirdness & Mutations

You have hoof-like feet.
You have a pair of small horns on your head.
You are mostly covered in sharp spines.
You have a tail ending in a sharp stinger.


Message History

You swap places.
You see here a staff of air.
You feel better.
You feel better.
You swap places.
There is a transporter here.
Welcome to arena 11.
You enter the transporter and appear at another place.
A war gargoyle, 2 quicksilver elementals, an iron dragon and an ancient lich come into view.
Visions of slaying the quicksilver elemental flood into your mind.
The quicksilver elemental breathes dispelling energy at you.
The bolt of dispelling energy hits your ice devil!
Your ice devil dies!
Your ice devil disappears in a puff of smoke!
The bolt of dispelling energy hits you!
Your magical effects are unravelling.
Found five items.
An iron dragon, a war gargoyle, a tormentor and 2 ancient champions come into view.
The war gargoyle is wielding a +1 flail of holy wrath.
An ancient champion is wielding a +2 battleaxe of draining.
An ancient champion is wielding a +1 great mace of draining.
Found five items.
Visions of slaying the war gargoyle flood into your mind.
You feel yourself slow down.
The iron dragon roars deafeningly!
Aiming: Grow Oklob (1% risk of failure)
Press: ? - help, Dir - move target An oklob plant grows from the ground.
The ancient champion gestures wildly while chanting.
The ancient champion seems to speed up.
The ancient lich gestures at you while chanting.
The bolt of acid hits your soul eater!!!
The acid corrodes your soul eater!
Your soul eater dies!
Your soul eater disappears in a puff of smoke!
The bolt of acid hits you!!
* * * LOW HITPOINT WARNING * * *
The quicksilver elemental breathes dispelling energy at you.
The bolt of dispelling energy hits you!!
Your magical effects are unravelling.
You die...
Fedhas appreciates your contribution to the ecosystem.

▓...8©8...▓
▓..=|))z..▓..[||))..▓
▓..D}z})..▓...|)|...▓
▓...92.L..▓.........▓
▓....9ED..▓..))))...▓
▓...E.....▓...).)...▓
▓....4....▓.........▓
▓....§.P..▓.▓.....▓.▓
▓.▓.3@33▓.▓....©....▓
▓....©....▓▓▓▓▓▓▓▓▓▓▓
▓▓▓▓▓▓▓▓▓▓▓


You could see 2 iron dragons, an ancient lich, 2 quicksilver elementals, 2
ancient champions, 2 war gargoyles, a tormentor, a friendly soul eater
(summoned), a friendly oklob plant (summoned), a friendly sun demon (summoned),
a friendly ice devil (summoned) and a friendly smoke demon (summoned).

Vanquished Creatures
  5 draconians (D)
  2 rime drakes (D)
  A tarantella (D)
  3 slime creatures (D)
  2 golden eyes (D)
  A water moccasin (D)
  3 orc warriors (D)
  2 ice beasts (D)
  2 scorpions (D)
  4 jellies (D)
  2 orc priests (D)
  2 iguanas (D)
  4 adders (D)
  2 endoplasms (D)
  A jackal (D)
36 creatures vanquished.

Vanquished Creatures (collateral kills)
  A green draconian (D)
  A black draconian (D)
  2 white draconians (D)
  A shining eye (D)
  2 draconians (D)
  A black mamba (D)
  A tarantella (D)
  2 slime creatures (D)
  A jumping spider (D)
  A yak (D)
  A naga (D)
  An orc warrior (D)
  A white imp (D)
  A ball python (D)
  A bat simulacrum (D)
18 creatures vanquished.

Grand Total: 54 creatures vanquished

Notes
Turn   | Place    | Note
-------+----------+-------------------------------------------
     0 | D        | Zeldest the Demonspawn Monk began the quest for the Orb.
     0 | D        | Reached XP level 1. HP: 18/18 MP: 1/1
     0 | D        | Found a shimmering blue altar of Sif Muna.
     0 | D        | Found a sacrificial altar of Ru.
     0 | D        | Found a bloodstained altar of Trog.
     0 | D        | Found a stormy altar of Qazlal.
     0 | D        | Found an iron altar of Okawaru.
     0 | D        | Found a sparkling altar of Nemelex Xobeh.
     0 | D        | Found a blossoming altar of Fedhas.
     0 | D        | Found the +6 Majin-Bo {vamp, MP+6 Int+6}
     0 | D        | Found the +9 heavy crossbow "Sniper" {vorpal, Acc+∞ SInv}
     0 | D        | Found the +10 dark maul {vorpal}
     0 | D        | Found the +15 Maxwell's patent armour {-Cast -Tele rElec
                  | Will+ rCorr}
     0 | D        | Found the +18 shield of the Gong {rElec rN+ Will+ EV-5}
     0 | D        | Found the +14 obsidian axe {vorpal, Mesm Drain Fly SInv}
     0 | D        | Found the +7 great mace "Firestarter" {inner flame, rF++}
     0 | D        | Found the +6 shillelagh "Devastator" {shatter}
     0 | D        | Found the +11 plutonium sword {Contam Stlth-}
     0 | D        | Found the +8 lance "Wyrmbane" {slay drac, rPois rF+ rC+
                  | AC+3}
     0 | D        | Found the +9 sword of Zonguldrok {reap}
     0 | D        | Found the +13 scythe of Curses {drain, Drain}
     0 | D        | Found the +5 sword of Power {vorpal}
     0 | D        | Found the +7 mace of Variability {chain chaos}
     0 | D        | Found the +7 Singing Sword {vorpal, sonic wave}
     0 | D        | Found the +8 storm bow {elec, penet}
     2 | D        | Found a transporter.
     2 | D        | Found an ancient bone altar of Kikubaaqudgha.
     2 | D        | Found a viscous altar of Jiyva.
     2 | D        | Found a corrupted altar of Lugonu.
     2 | D        | Found a hazy altar of Hepliaklqana.
     2 | D        | Found a burning altar of Makhleb.
     2 | D        | Found an opulent altar of Gozag.
    50 | D        | Reached skill level 4 in Invocations
    50 | D        | Gained mutation: You are partially covered in sharp spines.
                  | [demonic ancestry]
    50 | D        | Reached XP level 2. HP: 26/26 MP: 1/5
    61 | D        | Became a worshipper of Fedhas Madash
    61 | D        | Reached * piety under Fedhas
    61 | D        | Reached ** piety under Fedhas
    69 | D        | Entered arena 2.
    69 | D        | Noticed a draconian
    69 | D        | Noticed a draconian
    69 | D        | Found a transporter.
    78 | D        | Killed a draconian
    78 | D        | Killed a draconian
    79 | D        | Reached skill level 10 in Invocations
    79 | D        | Reached XP level 3. HP: 19/38 MP: 4/9
    79 | D        | Discovered your monstrous ancestry.
    79 | D        | Gained mutation: You have a small tail. [demonic ancestry]
    79 | D        | Reached XP level 4. HP: 23/45 MP: 4/11
    79 | D        | Reached XP level 5. HP: 26/51 MP: 4/12
    79 | D        | Gained mutation: You have large cloven feet. [demonic
                  | ancestry]
    79 | D        | Reached XP level 6. HP: 29/57 MP: 4/14
    79 | D        | Gained mutation: You are mostly covered in sharp spines.
                  | [demonic ancestry]
    79 | D        | Reached XP level 7. HP: 33/63 MP: 4/15
    89 | D        | Entered arena 3.
    89 | D        | Noticed a slime creature
    89 | D        | Found a transporter.
    93 | D        | Reached *** piety under Fedhas
    94 | D        | Killed a slime creature
    95 | D        | Reached skill level 11 in Invocations
   100 | D        | Entered arena 4.
   100 | D        | Noticed a slime creature
   100 | D        | Found a transporter.
   104 | D        | Gained mutation: You have hoof-like feet. [demonic
                  | ancestry]
   104 | D        | Reached XP level 8. HP: 52/71 MP: 7/16
   104 | D        | Reached **** piety under Fedhas
   107 | D        | Killed a slime creature
   115 | D        | Entered arena 5.
   115 | D        | Found a transporter.
   122 | D        | Reached skill level 12 in Invocations
   132 | D        | Entered arena 6.
   132 | D        | Noticed a jumping spider
   132 | D        | Noticed a tarantella
   132 | D        | Noticed a tarantella
   132 | D        | Found a transporter.
   134 | D        | Killed a tarantella
   134 | D        | Killed a tarantella
   134 | D        | Reached ***** piety under Fedhas
   135 | D        | Reached skill level 10 in Fighting
   144 | D        | Killed a jumping spider
   145 | D        | Gained mutation: You have a tail ending in a sharp stinger.
                  | [demonic ancestry]
   145 | D        | Reached XP level 9. HP: 67/79 MP: 14/18
   151 | D        | Entered arena 7.
   152 | D        | Found a transporter.
   158 | D        | Reached ****** piety under Fedhas
   161 | D        | Reached skill level 5 in Armour
   161 | D        | Reached skill level 5 in Shields
   161 | D        | Reached skill level 13 in Invocations
   165 | D        | Got the ring of Huyfuil {rN+ SInv}
   174 | D        | Entered arena 8.
   174 | D        | Found the amulet of Vitality {Regen+ HP+15}
   174 | D        | Noticed a rime drake
   174 | D        | Noticed a rime drake
   175 | D        | Found a transporter.
   178 | D        | Killed a rime drake
   179 | D        | Reached skill level 10 in Axes
   180 | D        | Killed a rime drake
   181 | D        | Reached skill level 10 in Evocations
   196 | D        | Got the amulet "Luazal" {Reflect rC+ Int+3 Dex+3 SH+5}
   202 | D        | Entered arena 9.
   202 | D        | Noticed a shining eye
   206 | D        | Found a transporter.
   211 | D        | Killed a shining eye
   212 | D        | Reached skill level 14 in Invocations
   212 | D        | Gained mutation: You have a pair of small horns on your
                  | head. [demonic ancestry]
   212 | D        | Reached XP level 10. HP: 88/88 MP: 14/20
   220 | D        | Got the +5 pair of gloves of Zefe {Rampage Drain rF+++
                  | Slay-4}
   222 | D        | Entered arena 10.
   222 | D        | Noticed a black mamba
   223 | D        | Found a transporter.
   227 | D        | Killed a black mamba
   237 | D        | Entered arena 11.
   237 | D        | Noticed a green draconian
   237 | D        | Noticed a white draconian
   237 | D        | Noticed a draconian
   237 | D        | Noticed a draconian
   237 | D        | Noticed a draconian
   237 | D        | Noticed a black draconian
   237 | D        | Noticed a draconian
   237 | D        | Noticed a draconian
   237 | D        | Noticed a white draconian
   238 | D        | Found a transporter.
   242 | D        | Killed a draconian
   248 | D        | Killed a white draconian
   248 | D        | Killed a white draconian
   249 | D        | Reached skill level 15 in Invocations
   250 | D        | Killed a draconian
   251 | D        | Killed a black draconian
   252 | D        | Reached XP level 11. HP: 52/96 MP: 22/22
   253 | D        | Killed a green draconian
   255 | D        | Reached skill level 16 in Invocations
   269 | D        | Entered arena 12.
   269 | D        | Noticed a quicksilver elemental
   269 | D        | Noticed a war gargoyle
   269 | D        | Noticed a quicksilver elemental
   269 | D        | Noticed an iron dragon
   269 | D        | Noticed an ancient lich
   270 | D        | Noticed an iron dragon
   270 | D        | Noticed a war gargoyle
   270 | D        | Noticed an ancient champion
   270 | D        | Noticed an ancient champion
   270 | D        | Found the +5 scythe "Finisher" {speed, eviscerate}
   271 | D        | Killed from afar by a quicksilver elemental

Illustrated notes

Levels and vault maps discovered:
D:        sprint_v [room_start, room_1, room_2, room_3, room_4, room_5, room_6,
          room_7, room_8, room_9, room_10, room_11, room_12, room_13, room_14,
          room_15, room_16, room_17, room_18, room_19, room_20, room_21,
          room_22, room_23, room_24, room_25, room_26, room_27]

Skill      XL: |  1  2  3  4  5  6  7  8  9 10 11 |
---------------+----------------------------------+-----
Fighting       | 4 8 9 10 11 12 13 | 13.0
Axes           | 4 8 9 10 11 12 | 12.1
Armour         | 2 4 6 8 |  8.7
Shields        | 2 4 6 8 |  8.7
Invocations    | 4 10 11 12 14 15 16 | 16.1
Evocations     | 7 8 9 10 11 12 | 12.2
Dodging        | |  2.6
Stealth        | |  1.7

Action                   |  1- 3 |  4- 6 |  7- 9 | 10-12 || total
-------------------------+-------+-------+-------+-------++-------
Melee: Broad axe         |     8 |       |    33 |    17 ||    58
       Kick              |       |       |     7 |     7 ||    14
       Tailslap          |       |       |     5 |     5 ||    10
       Headbutt          |       |       |       |     4 ||     4
Invok: Grow Oklob        |       |       |     1 |     1 ||     2
Evoke: Wand              |     1 |       |       |       ||     1
  Use: Potion            |     1 |       |     4 |     6 ||    11
 Stab: Distracted        |       |       |     1 |       ||     1
Armor: Gold dragon scale |     2 |       |     9 |    21 ||    32
Dodge: Dodged            |     2 |       |       |     3 ||     5
Block: Kite shield       |    16 |       |    38 |    39 ||    93

Table legend: (Time is in decaauts)
 A = Elapsed time spent in this place.
 B = Non-inter-level travel time spent in this place.
 C = Inter-level travel time spent in this place.
 D = Time resting spent in this place.
 E = Time spent auto-exploring this place.
 F = Levels seen in this place.
 G = Mean time per level.
                   A        B        C        D        E       F      G
               +--------+--------+--------+--------+--------+-----+--------+
         Total |    275 |    275 |      0 |      0 |      0 |   1 |  275.0 |
       Dungeon |    275 |    275 |      0 |      0 |      0 |   1 |  275.0 |
               +--------+--------+--------+--------+--------+-----+--------+

Top non-repeatable levels by time:
       D: 275 daAuts
